TOP OF THE 1ST |
Durham Rapiers batting - Pitching for Springfield Shooters : LHP Tod Whipple
|
Pitching: LHP Tod Whipple
|
|
Batting: RHB Lu-fang Koo
|
0-0: Ground out 5-3 (Groundball, 56S)
|
Batting: RHB Tomás Costello
|
0-0: SINGLE (Line Drive, 4D)
|
Batting: RHB Dave Sienna
|
0-0: Ball 1-0: Called Strike 1-1: Ball 2-1: Foul Ball, location: 2F 2-2: Ball Wild Pitch! Tomás Costello to second 3-2: Foul Ball, location: 2F 3-2: Foul Ball, location: 2F 3-2: Ground out 6-3 (Groundball, 6)
|
Batting: RHB Vincent Klein
|
0-0: Called Strike 0-1: Fly out, F9 (Flyball, 89D)
|
Top of the 1st over - 0 runs, 1 hit, 0 errors, 1 left on base; Durham 0 - Springfield 0 |
BOTTOM OF THE 1ST |
Springfield Shooters batting - Pitching for Durham Rapiers : LHP Steve Seabolt
|
Pitching: LHP Steve Seabolt
|
|
Batting: RHB Eun-bum Kim
|
0-0: Foul Ball, location: 2F 0-1: Foul Ball, location: 2F 0-2: Ball 1-2: Ball 2-2: Ball 3-2: Base on Balls
|
Batting: RHB Barrett Drury
|
0-0: Ball 1-0: Fly out, F8 (Flyball, 8LS)
|
Batting: RHB Fletcher Megarity
|
0-0: Called Strike 0-1: Ball 1-1: 2-RUN HOME RUN (Flyball, 7LD), Distance : 359 ft
|
Batting: LHB John Schaefer
|
0-0: Ball 1-0: Foul Ball, location: 2F 1-1: Ball 2-1: Ball 3-1: Foul Ball, location: 2F 3-2: Base on Balls
|
Batting: RHB Sébastien Bernard
|
0-0: Ball 1-0: Called Strike 1-1: Foul Ball, location: 2F 1-2: Ball 2-2: Foul Ball, location: 2F 2-2: Fielders Choice at 2nd, 6-4 (Groundball, 56)
|
Batting: RHB Lee Charles
|
0-0: Ball Sébastien Bernard is caught stealing 2nd base
|
Bottom of the 1st over - 2 runs, 1 hit, 0 errors, 0 left on base; Durham 0 - Springfield 2 |
TOP OF THE 2ND |
Durham Rapiers batting - Pitching for Springfield Shooters : LHP Tod Whipple
|
Batting: RHB Armando Chamú
|
0-0: Ball 1-0: DOUBLE (Line Drive, 7LS)
|
Batting: RHB Raúl Moreno
|
0-0: Ball 1-0: Swinging Strike 1-1: Ball 2-1: Swinging Strike 2-2: Foul Ball, location: 2F 2-2: Foul Ball, location: 2F 2-2: Strikes out swinging, 2-3 out at first.
|
Batting: LHB Alberto Garza
|
0-0: Called Strike 0-1: Swinging Strike 0-2: Ball 1-2: Strikes out looking
|
Batting: RHB Yoshi Kouda
|
0-0: Called Strike 0-1: Called Strike 0-2: Foul Ball, location: 2F 0-2: Ball 1-2: Foul Ball, location: 2F 1-2: Foul Ball, location: 2F 1-2: Foul Ball, location: 2F 1-2: Ball 2-2: Strikes out swinging
|
Top of the 2nd over - 0 runs, 1 hit, 0 errors, 1 left on base; Durham 0 - Springfield 2 |
BOTTOM OF THE 2ND |
Springfield Shooters batting - Pitching for Durham Rapiers : LHP Steve Seabolt
|
Batting: RHB Lee Charles
|
0-0: Foul Ball, location: 2F 0-1: Ground out 5-3 (Groundball, 56)
|
Batting: LHB Marshall Willis
|
0-0: Ball 1-0: Swinging Strike 1-1: Swinging Strike 1-2: Ball 2-2: Strikes out looking
|
Batting: LHB César Gómes
|
0-0: Ball 1-0: Ball 2-0: Called Strike 2-1: SINGLE (Groundball, 4MD)
|
Batting: RHB Júlio Barajas
|
0-0: Called Strike 0-1: Fielders Choice at 2nd, 5-4 (Groundball, 5)
|
Bottom of the 2nd over - 0 runs, 1 hit, 0 errors, 1 left on base; Durham 0 - Springfield 2 |
TOP OF THE 3RD |
Durham Rapiers batting - Pitching for Springfield Shooters : LHP Tod Whipple
|
Batting: RHB Júlio Gonzáles
|
0-0: Called Strike 0-1: Ball 1-1: Ball 2-1: SINGLE (Line Drive, 89S)
|
Batting: RHB Lu-fang Koo
|
0-0: Ball Júlio Gonzáles steals 2nd base 1-0: Ball 2-0: Called Strike 2-1: Swinging Strike 2-2: Strikes out swinging
|
Batting: RHB Tomás Costello
|
0-0: Ball 1-0: Ball 2-0: Foul Ball, location: 2F 2-1: Foul Ball, location: 2F 2-2: DOUBLE (Line Drive, 9D) Júlio Gonzáles scores
|
Batting: RHB Dave Sienna
|
0-0: Ball 1-0: Called Strike 1-1: Called Strike 1-2: Ball 2-2: SINGLE (Groundball, 6S) (infield hit) Tomás Costello to third
|
Batting: RHB Vincent Klein
|
0-0: Called Strike 0-1: Called Strike 0-2: Ball 1-2: Ball Dave Sienna steals 2nd base 2-2: SINGLE (Groundball, 6MD) Tomás Costello scores Dave Sienna to third Runner from 3rd tries for Home, SAFE, no throw
|
Batting: RHB Armando Chamú
|
0-0: Foul Ball, location: 2F 0-1: Foul Ball, location: 2F 0-2: Ball 1-2: Strikes out looking
|
Batting: RHB Raúl Moreno
|
0-0: Ball 1-0: Foul Ball, location: 2F 1-1: Foul Ball, location: 2F 1-2: Ball 2-2: Ball 3-2: Foul Ball, location: 2F 3-2: Ground out 3-1 (Groundball, 34S)
|
Top of the 3rd over - 3 runs, 4 hits, 0 errors, 1 left on base; Durham 3 - Springfield 2 |
BOTTOM OF THE 3RD |
Springfield Shooters batting - Pitching for Durham Rapiers : LHP Steve Seabolt
|
Batting: RHB Eun-bum Kim
|
0-0: Ground out 4-3 (Groundball, 4)
|
Batting: RHB Barrett Drury
|
0-0: Ball 1-0: Ground out 6-3 (Groundball, 6)
|
Batting: RHB Fletcher Megarity
|
0-0: Swinging Strike 0-1: Ball 1-1: Ball 2-1: Ball 3-1: Swinging Strike 3-2: SINGLE (Groundball, 34D)
|
Batting: LHB John Schaefer
|
0-0: Foul Ball, location: 2F 0-1: Called Strike 0-2: Ball 1-2: Ball 2-2: Ball 3-2: Base on Balls Fletcher Megarity to second
|
Batting: RHB Sébastien Bernard
|
0-0: SINGLE (Groundball, 56D) Fletcher Megarity to third John Schaefer to second Runner from 3rd tries for Home, SAFE, no throw
|
Batting: RHB Lee Charles
|
0-0: Called Strike 0-1: Ball 1-1: Ball 2-1: Foul Ball, location: 2F 2-2: Strikes out swinging
|
Bottom of the 3rd over - 1 run, 2 hits, 0 errors, 2 left on base; Durham 3 - Springfield 3 |
TOP OF THE 4TH |
Durham Rapiers batting - Pitching for Springfield Shooters : LHP Tod Whipple
|
Batting: LHB Alberto Garza
|
0-0: Foul Ball, location: 2F 0-1: Ball 1-1: SINGLE (Groundball, 6D)
|
Batting: RHB Yoshi Kouda
|
0-0: Ball 1-0: Ball Alberto Garza steals 2nd base 2-0: Foul Ball, location: 2F 2-1: Foul Ball, location: 2F 2-2: Fly out, F8 (Flyball, 8RM)
|
Batting: RHB Júlio Gonzáles
|
0-0: Called Strike 0-1: Foul Ball, location: 2F 0-2: Strikes out swinging
|
Pitching: RHP Miguel Padilla
|
|
Batting: RHB Lu-fang Koo
|
0-0: Called Strike 0-1: Foul Ball, location: 2F 0-2: Fly out, F9 (Flyball, 9LS)
|
Top of the 4th over - 0 runs, 1 hit, 0 errors, 1 left on base; Durham 3 - Springfield 3 |
BOTTOM OF THE 4TH |
Springfield Shooters batting - Pitching for Durham Rapiers : LHP Steve Seabolt
|
Batting: LHB Marshall Willis
|
0-0: Ball 1-0: Foul Ball, location: 2F 1-1: Ball 2-1: Ball 3-1: Called Strike 3-2: DOUBLE (Groundball, 3L)
|
Batting: LHB César Gómes
|
0-0: Fly out, F7 (Flyball, 78S)
|
Batting: RHB Júlio Barajas
|
0-0: Ball Balk! Marshall Willis to third 1-0: Called Strike 1-1: Ball 2-1: Called Strike 2-2: Ball 3-2: Base on Balls
|
Batting: RHB Eun-bum Kim
|
0-0: Called Strike 0-1: Ball 1-1: Ball 2-1: Ball 3-1: Base on Balls Júlio Barajas to second
|
Batting: RHB Barrett Drury
|
0-0: Called Strike 0-1: Fly out, F8 (Flyball, 8LD) Runner from 3rd tags up, SCORES, throw made
|
Batting: RHB Fletcher Megarity
|
0-0: Called Strike 0-1: Ball 1-1: 3-RUN HOME RUN (Line Drive, 7LD), Distance : 342 ft
|
Batting: LHB John Schaefer
|
0-0: Called Strike 0-1: Called Strike 0-2: Ball 1-2: Strikes out looking
|
Bottom of the 4th over - 4 runs, 2 hits, 0 errors, 0 left on base; Durham 3 - Springfield 7 |
TOP OF THE 5TH |
Durham Rapiers batting - Pitching for Springfield Shooters : RHP Miguel Padilla
|
Batting: RHB Tomás Costello
|
0-0: SINGLE (Line Drive, 9S)
|
Batting: RHB Dave Sienna
|
0-0: Ball 1-0: Called Strike 1-1: Ball 2-1: Ball 3-1: Grounds into double play, 4-6-3 (Groundball, 4)
|
Batting: RHB Vincent Klein
|
0-0: Ball 1-0: Called Strike 1-1: Ball 2-1: Fly out, F1 (Popup, P)
|
Top of the 5th over - 0 runs, 1 hit, 0 errors, 0 left on base; Durham 3 - Springfield 7 |
BOTTOM OF THE 5TH |
Springfield Shooters batting - Pitching for Durham Rapiers : LHP Steve Seabolt
|
Batting: RHB Sébastien Bernard
|
0-0: Ball 1-0: Ground out 6-3 (Groundball, 6)
|
Batting: RHB Lee Charles
|
0-0: Swinging Strike 0-1: Ball 1-1: Ball 2-1: Fly out, F7 (Flyball, 78S)
|
Batting: LHB Marshall Willis
|
0-0: SINGLE (Line Drive, 6MD)
|
Pitching: RHP Archibald Bridgestone
|
|
Batting: LHB César Gómes
|
0-0: Ball 1-0: Called Strike 1-1: DOUBLE (Flyball, 89XD) Marshall Willis to third
|
Batting: RHB Júlio Barajas
|
0-0: Called Strike 0-1: Ground out 6-3 (Groundball, 6)
|
Bottom of the 5th over - 0 runs, 2 hits, 0 errors, 2 left on base; Durham 3 - Springfield 7 |
TOP OF THE 6TH |
Durham Rapiers batting - Pitching for Springfield Shooters : RHP Miguel Padilla
|
Batting: RHB Armando Chamú
|
0-0: Foul Ball, location: 2F 0-1: Ball 1-1: Ground out 5-3 (Groundball, 5S)
|
Batting: RHB Raúl Moreno
|
0-0: Swinging Strike 0-1: Ball 1-1: Called Strike 1-2: Foul Ball, location: 2F 1-2: Strikes out swinging
|
Batting: LHB Alberto Garza
|
0-0: Ball 1-0: Foul Ball, location: 2F 1-1: Foul Ball, location: 2F 1-2: Fly out, F3 (Popup, 3S)
|
Top of the 6th over - 0 runs, 0 hits, 0 errors, 0 left on base; Durham 3 - Springfield 7 |
BOTTOM OF THE 6TH |
Springfield Shooters batting - Pitching for Durham Rapiers : RHP Archibald Bridgestone
|
Batting: RHB Eun-bum Kim
|
0-0: Called Strike 0-1: Ball 1-1: Called Strike 1-2: Foul Ball, location: 2F 1-2: Ground out U3 (Groundball, 34)
|
Batting: RHB Barrett Drury
|
0-0: Ball 1-0: Ground out 5-3 (Groundball, 56S)
|
Batting: RHB Fletcher Megarity
|
0-0: Ball 1-0: Called Strike 1-1: Ball 2-1: Ball 3-1: Base on Balls
|
Batting: LHB John Schaefer
|
0-0: Foul Ball, location: 2F 0-1: Ball Fletcher Megarity steals 2nd base 1-1: Swinging Strike 1-2: Ball 2-2: Foul Ball, location: 2F 2-2: Ball 3-2: Ground out U3 (Groundball, 3)
|
Bottom of the 6th over - 0 runs, 0 hits, 0 errors, 1 left on base; Durham 3 - Springfield 7 |
TOP OF THE 7TH |
Durham Rapiers batting - Pitching for Springfield Shooters : RHP Miguel Padilla
|
Batting: RHB Yoshi Kouda
|
0-0: Called Strike 0-1: Fly out, F3 (Popup, 3)
|
Batting: RHB Júlio Gonzáles
|
0-0: Ground out 6-3 (Groundball, 6)
|
Batting: RHB Lu-fang Koo
|
0-0: Called Strike 0-1: Foul Ball, location: 2F 0-2: Ball 1-2: SINGLE (Line Drive, 6)
|
Batting: RHB Tomás Costello
|
0-0: Ball 1-0: Called Strike 1-1: Foul Ball, location: 2F 1-2: Strikes out swinging
|
Top of the 7th over - 0 runs, 1 hit, 0 errors, 1 left on base; Durham 3 - Springfield 7 |
BOTTOM OF THE 7TH |
Springfield Shooters batting - Pitching for Durham Rapiers : RHP Archibald Bridgestone
|
Batting: RHB Sébastien Bernard
|
0-0: Ball 1-0: Ball 2-0: DOUBLE (Line Drive, 7LM)
|
Batting: RHB Lee Charles
|
0-0: Ball 1-0: Called Strike 1-1: Ground out 4-3 (Groundball, 4S) Sébastien Bernard to third
|
Batting: LHB Marshall Willis
|
0-0: SINGLE (Line Drive, 78M) Sébastien Bernard scores
|
Batting: LHB César Gómes
|
0-0: Called Strike 0-1: Fielders Choice at 2nd, 6-4 (Groundball, 6)
|
Batting: RHB Júlio Barajas
|
0-0: Ball 1-0: Ball 2-0: Called Strike 2-1: Ball 3-1: Base on Balls César Gómes to second
|
Batting: RHB Eun-bum Kim
|
0-0: Ball 1-0: Ball 2-0: Foul Ball, location: 2F 2-1: Ball 3-1: Foul Ball, location: 2F 3-2: Base on Balls César Gómes to third Júlio Barajas to second
|
Batting: RHB Barrett Drury
|
0-0: SINGLE (Line Drive, 6D) César Gómes scores Júlio Barajas to third Eun-bum Kim to second Runner from 3rd tries for Home, SAFE, no throw
|
Batting: RHB Fletcher Megarity
|
0-0: Called Strike 0-1: Called Strike 0-2: Ball 1-2: Ball 2-2: Ball 3-2: Foul Ball, location: 2F 3-2: Base on Balls Eun-bum Kim to third Barrett Drury to second
|
Batting: LHB John Schaefer
|
0-0: Called Strike 0-1: Ball 1-1: Called Strike 1-2: Ball 2-2: SINGLE (Line Drive, 34D) Eun-bum Kim scores Barrett Drury to third Fletcher Megarity to second
|
Batting: RHB Sébastien Bernard
|
0-0: Ball 1-0: Ball 2-0: Ball 3-0: Called Strike 3-1: Foul Ball, location: 2F 3-2: Strikes out swinging
|
Bottom of the 7th over - 4 runs, 4 hits, 0 errors, 3 left on base; Durham 3 - Springfield 11 |
TOP OF THE 8TH |
Durham Rapiers batting - Pitching for Springfield Shooters : RHP Miguel Padilla
|
Now in RF: Stephen Chávez
|
|
Batting: RHB Dave Sienna
|
0-0: Ball 1-0: Foul Ball, location: 2F 1-1: Called Strike 1-2: Ball 2-2: Fly out, F4 (Line Drive, 4)
|
Batting: RHB Vincent Klein
|
0-0: Ball 1-0: SOLO HOME RUN (Flyball, 7LD), Distance : 337 ft
|
Batting: RHB Armando Chamú
|
0-0: Ball 1-0: Ground out 6-3 (Groundball, 6)
|
Batting: RHB Raúl Moreno
|
0-0: Called Strike 0-1: Ball 1-1: Swinging Strike 1-2: Ball 2-2: Strikes out looking
|
Top of the 8th over - 1 run, 1 hit, 0 errors, 0 left on base; Durham 4 - Springfield 11 |
BOTTOM OF THE 8TH |
Springfield Shooters batting - Pitching for Durham Rapiers : RHP Archibald Bridgestone
|
Pinch Hitting: RHB Lee Allen
|
0-0: Called Strike 0-1: Ground out 5-3 (Groundball, 2L)
|
Batting: LHB Marshall Willis
|
0-0: Called Strike 0-1: SINGLE (Groundball, 34D)
|
Pitching: RHP Cecil Beijeman
|
|
Batting: LHB César Gómes
|
0-0: SINGLE (Line Drive, 9S) Marshall Willis to second
|
Batting: RHB Júlio Barajas
|
0-0: Ball 1-0: Called Strike 1-1: Ball 2-1: Swinging Strike 2-2: Ball 3-2: Base on Balls Marshall Willis to third César Gómes to second
|
Batting: RHB Eun-bum Kim
|
0-0: Ball 1-0: Ball 2-0: Fly out, F8 (Flyball, 8RM)
|
Batting: RHB Barrett Drury
|
0-0: Called Strike 0-1: Ball 1-1: Swinging Strike 1-2: Ball 2-2: Strikes out swinging
|
Bottom of the 8th over - 0 runs, 2 hits, 0 errors, 3 left on base; Durham 4 - Springfield 11 |
TOP OF THE 9TH |
Durham Rapiers batting - Pitching for Springfield Shooters : RHP Miguel Padilla
|
Now at 1B: Guillermo Castro
|
|
Now at 3B: Jack Stidston
|
|
Batting: LHB Alberto Garza
|
0-0: Called Strike 0-1: Fly out, F7 (Flyball, 7)
|
Batting: RHB Yoshi Kouda
|
0-0: Ball 1-0: Called Strike 1-1: Swinging Strike 1-2: Strikes out looking
|
Batting: RHB Júlio Gonzáles
|
0-0: Called Strike 0-1: Ball 1-1: Called Strike 1-2: Ball 2-2: Strikes out swinging
|
Top of the 9th over - 0 runs, 0 hits, 0 errors, 0 left on base; Durham 4 - Springfield 11 |
|